 Dungeon Crawl Stone Soup version 0.20.0 (webtiles) character file.

187 FakerFangirl the Cudgeler (level 5, -1/45 HPs)
             Began as a Draconian Fighter on May 26, 2017.
             Killed by nerve-wracking pain
             ... invoked by Menkaure
              (8 damage)
             ... on level 4 of the Dungeon.
             The game lasted 00:04:08 (3679 turns).

FakerFangirl the Cudgeler (Draconian Fighter)       Turns: 3679, Time: 00:04:09

Health: -1/45      AC:  6    Str: 19    XL:     5   Next: 39%
Magic:  5/5        EV: 10    Int:  8    God:
Gold:   135        SH:  9    Dex: 11    Spells: 4/4 levels left

rFire    . . .     SeeInvis .   Y - +0 flail
rCold    . . .     Gourm    .   b - +0 shield
rNeg     . . .     Faith    .   (armour unavailable)
rPois    .         Spirit   .   (helmet restricted)
rElec    .         Reflect  .   m - +0 cloak
rCorr    .         Harm     .   (no gloves)
MR       .....                  (no boots)
Stlth    +.........             (no amulet)
Regen    0.2/turn               (no ring)
MPRegen  0.1/turn               (no ring)

@: about to teleport
A: unfitting armour, cold-blooded, AC +5
a: no special abilities


You were on level 4 of the Dungeon.
You were not hungry.

You visited 1 branch of the dungeon, and saw 4 of its levels.

You collected 135 gold pieces.


Innate Abilities, Weirdness & Mutations

Your plain brown scales are hard. (AC +5)
You cannot fit into any form of body armour.
You are cold-blooded and may be slowed by cold attacks.


   Skills:
 - Level 3.2 Fighting
 + Level 5.7 Maces & Flails
 - Level 2.6 Dodging
 - Level 3.0 Shields


You had 4 spell levels left.
You didn't know any spells.

Inventory:

Hand Weapons
 Y - a +0 flail (weapon)
Missiles
 u - a tomahawk (quivered)
Armour
 b - a +0 shield (worn)
 m - a +0 cloak (worn)
Jewellery
 a - an uncursed ring of stealth {unknown}
 h - a cursed amulet of inaccuracy {unknown}
 o - an uncursed ring of stealth {unknown}
 q - an uncursed ring of protection from fire {unknown}
Scrolls
 n - 4 scrolls of teleportation
Potions
 c - a potion of might
 e - a potion of curing
 g - a potion of resistance {unknown}
 i - a potion of invisibility {unknown}
 l - a potion of ambrosia {unknown}
Comestibles
 d - 4 bread rations
 t - 3 chunks of flesh

Dungeon Overview and Level Annotations

Branches:
Dungeon (4/15)
 Temple: D:4-7

Altars:

Annotations:
D:4 Menkaure


Message History

You barely miss Menkaure.
Menkaure is moderately damaged.
Menkaure closely misses you.
You barely miss Menkaure. You tail-slap Menkaure.
Menkaure is moderately damaged.
Menkaure calls on the powers of darkness!
Your body is wracked with pain!
You barely miss Menkaure.
Menkaure is moderately damaged.
You block Menkaure's attack.
You sock Menkaure!
Menkaure is severely damaged.
Menkaure casts a spell at you. Pain shoots through your body!
3679 ||| READING 5 scrolls of teleportation.
As you read the scroll of teleportation, it crumbles to dust.
You feel strangely unstable.
Menkaure points at you and mumbles some strange words.
Pain shoots through your body!
You die...

.# ## # ### ##. #
######.## ##...
#.......####..... . ##
#.......#....... M. .##
#............# ... ..###
#..........####....
##..###
###.....@M.###.....#
##...###.......>...#....#
###...................#
###..##...........###
#..##..........##
##.#######...### ####
###..#####...##
...###.....##...###
.........#.....##


You could see Menkaure.

Vanquished Creatures
  9 adders
  An ooze (D:1)
  2 worms (D:2)
  2 dart slugs
  2 leopard geckos
  6 orcs (D:3)
  A giant cockroach (D:3)
  3 goblins
  5 hobgoblins
  14 jackals
  4 quokkas
  8 bats
  5 frilled lizards
  10 kobolds
  16 rats
88 creatures vanquished.

Notes
Turn   | Place    | Note
-------+----------+-------------------------------------------
     0 | D:1      | FakerFangirl the Draconian Fighter began the quest for the Orb.
     0 | D:1      | Reached XP level 1. HP: 19/19 MP: 1/1
     0 | D:1      | 0 ||| counter = 67
    47 | D:1      | 47 ||| Stepping ~*~*~tactically~*~*~ (outnumbered).
    48 | D:1      | 48 ||| Stepping ~*~*~tactically~*~*~ (outnumbered).
    49 | D:1      | 49 ||| Stepping ~*~*~tactically~*~*~ (outnumbered).
    50 | D:1      | 50 ||| Stepping ~*~*~tactically~*~*~ (outnumbered).
    51 | D:1      | 51 ||| Stepping ~*~*~tactically~*~*~ (outnumbered).
    52 | D:1      | 52 ||| Stepping ~*~*~tactically~*~*~ (outnumbered).
    53 | D:1      | 53 ||| Stepping ~*~*~tactically~*~*~ (outnumbered).
    54 | D:1      | 54 ||| Stepping ~*~*~tactically~*~*~ (outnumbered).
    55 | D:1      | 55 ||| Stepping ~*~*~tactically~*~*~ (outnumbered).
    60 | D:1      | 60 ||| Stepping ~*~*~tactically~*~*~ (outnumbered).
   242 | D:1      | Reached XP level 2. HP: 23/26 MP: 2/2
   284 | D:1      | Reached skill level 3 in Maces & Flails
   386 | D:1      | HP: 4/26 [kobold/club (5)]
   990 | D:1      | Reached XP level 3. HP: 31/31 MP: 3/3
  1323 | D:1      | 1323 ||| UPGRADING to cloak.
  1328 | D:1      | 1328 ||| READING scroll labeled MUESTIEMOE.
  1331 | D:1      | 1331 ||| DRINKING 2 grey potions.
  1414 | D:2      | Reached skill level 4 in Maces & Flails
  1415 | D:2      | 1415 ||| Stepping ~*~*~tactically~*~*~ (outnumbered).
  1416 | D:2      | 1416 ||| Stepping ~*~*~tactically~*~*~ (outnumbered).
  1633 | D:2      | Reached XP level 4. HP: 38/38 MP: 4/4
  2281 | D:2      | Reached skill level 5 in Maces & Flails
  2411 | D:2      | 2411 ||| DRINKING 2 golden potions.
  2422 | D:3      | 2422 ||| STAIRDANCE
  2482 | D:3      | 2482 ||| Stepping ~*~*~tactically~*~*~ (outnumbered).
  2578 | D:3      | Reached XP level 5. HP: 39/45 MP: 5/5
  3191 | D:3      | 3191 ||| Stepping ~*~*~tactically~*~*~ (outnumbered).
  3192 | D:3      | 3192 ||| Stepping ~*~*~tactically~*~*~ (outnumbered).
  3193 | D:3      | 3193 ||| Stepping ~*~*~tactically~*~*~ (outnumbered).
  3427 | D:3      | 3427 ||| READING scroll labeled YKHIED QIUGELA.
  3428 | D:3      | 3428 ||| READING scroll labeled DOIMAF KAIM.
  3429 | D:3      | 3429 ||| READING scroll labeled VUJAWNYRR.
  3430 | D:3      | 3430 ||| READING scroll labeled JIARAE ZACEWK.
  3431 | D:3      | 3431 ||| READING scroll labeled NOVERR OKHE.
  3432 | D:3      | 3432 ||| DRINKING 2 white potions.
  3433 | D:3      | 3433 ||| DROPPING potion of agility.
  3535 | D:4      | Noticed Menkaure
  3547 | D:4      | HP: 10/45 [Menkaure (16)]
  3548 | D:4      | 3548 ||| READING 5 scrolls of teleportation.
  3549 | D:4      | 3549 ||| DRINKING potion of heal wounds.
  3678 | D:4      | HP: 7/45 [Menkaure/nerve-wracking pain (10)]
  3679 | D:4      | 3679 ||| READING 5 scrolls of teleportation.
  3679 | D:4      | Killed from afar by Menkaure

Vault maps used:
D:1:      dpeg_arrival_stone_temple_mockup
D:2:      hex_large, uniq_crazy_yiuf_cottage
D:3:      first_bread, minivault_25
D:4:      uniq_menkaure, uniq_grinder, uniq_eustachio

Skill      XL: |  1  2  3  4 |
---------------+-------------+-----
Maces & Flails | 3 4 5 |  5.7
Fighting       | |  3.2
Dodging        | |  2.6
Shields        | |  3.0

Action                   |  1- 3 |  4- 6 || total
-------------------------+-------+-------++-------
Melee: Flail             |   156 |   190 ||   346
       Tailslap          |     9 |    21 ||    30
Throw: Tomahawk          |     2 |    31 ||    33
  Use: Potion            |     1 |     3 ||     4
       Scroll            |     1 |     7 ||     8
  Eat: Chunk             |     3 |     6 ||     9
Armor: Skin              |    48 |    48 ||    96
Dodge: Dodged            |    88 |    67 ||   155
Block: Shield            |    96 |    75 ||   171
